Map: Acropolis LE

Players

GOReynor (Reynor) - Winner!

  • Race: Zerg Zerg
  • League: Master
  • Spawn Location: 5:00

Zest

  • Race: Protoss Protoss
  • League: Master
  • Spawn Location: 11:00

Event: HomeStory Cup XX

VOD

Have the link to the VOD?

Description

Time

  • Played on: Nov. 24, 2019, 9:02 a.m.
  • Length: 22:48

All games in this series

Show
View Real Time Build Order
Export as new Build Order

GOReynor Zerg - Winner!

Build Orders: Hatch First 

Get SALT Encoding   

  12  0:00  Drone  
  13  0:12  Overlord  
  13  0:16  Drone  
  14  0:30  Drone x2  
  16  0:47  Hatchery  
  15  0:51  Drone  
  15  0:55  Drone  
  17  0:58  Drone  
  18  1:10  Extractor  
  17  1:14  Spawning Pool  
  17  1:15  Drone  
  17  1:19  Drone  
  18  1:28  Drone  
  19  1:39  Drone  
  20  1:49  Drone  
  21  1:59  Overlord  
  21  2:01  Zergling x2, Queen x2  
  26  2:10  Drone  
  26  2:11  Drone  
  26  2:13  Metabolic Boost  
  28  2:21  Zergling x2  
  29  2:23  Drone  
  30  2:35  Hatchery  
  29  2:37  Drone  
  29  2:40  Drone  
  31  2:47  Queen  
  31  2:49  Zergling x2  
  35  2:51  Zergling x2  
  35  2:55  Overlord  
  34  2:58  Drone  
  35  3:09  Drone x2  
  36  3:14  Drone x4  
  36  3:15  Drone  
  36  3:18  Drone  
  41  3:22  Overlord  
  41  3:27  Drone x2  
  43  3:39  Overlord  
  43  3:40  Zergling x2  
  45  3:41  Zergling x2  
  45  3:43  Queen  
  45  3:46  Evolution Chamber, Drone x2  
  48  3:54  Zergling x2  
  49  3:57  Drone x3  
  49  3:58  Drone  
  49  4:00  Spore Crawler  
  49  4:01  Spore Crawler  
  51  4:06  Zergling x4  
  51  4:07  Queen  
  55  4:12  Zerg Melee Weapons Level 1  
  55  4:13  Drone  
  56  4:18  Overlord  
  56  4:19  Drone  
  56  4:20  Drone  
  58  4:27  Drone  
  58  4:28  Drone  
  58  4:34  Overlord  
  58  4:36  Drone x2  
  58  4:38  Drone x4  
  64  4:39  Drone  
  64  4:41  Drone  
  64  4:44  Spore Crawler  
  65  4:46  Overlord  
  65  4:51  Queen, Drone  
  68  4:56  Drone x3  
  68  4:57  Drone  
  71  5:01  Drone x2  
  71  5:04  Lair  
  73  5:09  Queen  
  73  5:11  Zergling x2  
  73  5:14  Drone x4  
  79  5:17  Drone  
  79  5:19  Overlord  
  81  5:25  Overlord  
  81  5:30  Overlord  
  81  5:34  Overlord  
  81  5:37  Queen  
  81  5:40  Roach Warren, Extractor, Drone x3  
  81  5:41  Extractor, Drone x2  
  85  5:43  Zergling x4, Extractor  
  85  5:44  Zergling x2  
  85  5:47  Drone x3  
  85  5:49  Queen  
  92  5:54  Spore Crawler, Drone x5  
  92  5:55  Spore Crawler  
  95  5:58  Spore Crawler  
  94  6:05  Overseer  
  94  6:06  Overlord  
  94  6:09  Drone x4  
  94  6:10  Drone x4  
  99  6:11  Overlord  
  99  6:15  Overlord  
  99  6:23  Overlord  
  99  6:25  Extractor  
  97  6:35  Extractor  
  96  6:40  Hatchery, Zergling x18  
  96  6:42  Queen  
  96  6:44  Queen  
  96  6:46  Evolution Chamber, Drone  
  108  6:48  Baneling Nest, Drone  
  108  6:49  Spore Crawler  
  108  6:51  Overlord  
  107  6:57  Zerg Melee Weapons Level 2, Pneumatized Carapace  
  107  6:59  Drone x4  
  111  7:02  Overlord  
  111  7:03  Overlord  
  111  7:08  Overlord  
  108  7:09  Drone x2  
  110  7:21  Infestation Pit  
  109  7:23  Drone x10  
  109  7:29  Extractor  
  118  7:31  Overlord  
  118  7:32  Spore Crawler  
  118  7:33  Zerg Missile Weapons Level 1  
  118  7:34  Extractor  
  118  7:36  Drone  
  118  7:37  Drone x2  
  116  7:41  Centrifical Hooks  
  116  7:43  Roach x2, Zergling x4  
  121  7:44  Overseer  
  121  7:52  Glial Reconstitution  
  121  7:55  Drone x3  
  124  8:01  Roach x2, Zergling x6  
  124  8:02  Zergling x4  
  124  8:03  Overlord  
  124  8:05  Hatchery  
  132  8:08  Hive  
  132  8:14  Spire  
  132  8:15  Zergling x2  
  132  8:16  Zergling x6  
  132  8:17  Overlord  
  134  8:22  Zergling x10  
  134  8:24  Zergling x4  
  134  8:34  Overlord  
  134  8:38  Drone x4  
  134  8:40  Spore Crawler  
  137  8:45  Roach x4  
  145  8:53  Drone x2  
  145  8:55  Roach x3  
  150  9:04  Overlord  
  150  9:08  Baneling x6  
  150  9:09  Drone x3  
  152  9:13  Spire  
  152  9:14  Drone x2  
  152  9:15  Drone x9  
  162  9:18  Overlord  
  162  9:20  Zerg Melee Weapons Level 3  
  162  9:21  Baneling x3  
  162  9:22  Baneling, Zergling x2  
  162  9:23  Zergling x16  
  171  9:28  Adrenal Glands, Greater Spire  
  171  9:36  Extractor  
  169  9:38  Extractor  
  169  9:44  Drone  
  169  9:47  Drone x3  
  169  9:49  Spore Crawler  
  169  9:50  Spine Crawler  
  169  9:51  Spine Crawler  
  168  9:56  Zerg Missile Weapons Level 2  
  163  10:07  Corruptor x10  
  163  10:09  Drone x3  
  163  10:10  Drone x3  
  189  10:27  Overseer  
  186  10:30  Drone x5  
  191  10:39  Baneling x11  
  191  10:40  Spore Crawler  
  191  10:41  Spore Crawler x2  
  191  10:42  Spore Crawler x2  
  186  10:43  Spore Crawler  
  186  10:45  Zerg Flyer Weapons Level 1, Spore Crawler  
  186  10:46  Zerg Flyer Armor Level 1  
  184  10:51  Spore Crawler  
  184  10:52  Spore Crawler  
  182  10:58  Spore Crawler  
  182  11:02  Brood Lord x3  
  182  11:03  Brood Lord x2  
  191  11:04  Overlord  
  191  11:05  Overlord  
  191  11:07  Burrow  
  191  11:12  Overlord  
  191  11:20  Pathogen Glands  
  184  11:41  Viper x3  
  184  11:43  Corruptor  
  184  11:44  Corruptor x2  
  197  11:50  Spore Crawler  
  197  11:52  Spore Crawler x3  
  197  11:53  Spore Crawler, Drone x4  
  196  11:54  Spore Crawler x2  
  196  11:55  Spore Crawler  
  196  11:56  Corruptor x3  
  196  12:00  Overseer  
  198  12:03  Hatchery  
  197  12:13  Zerg Ground Armor Level 1  
  197  12:14  Corruptor  
  194  12:28  Corruptor x4  
  197  12:33  Zergling x14  
  199  12:39  Zergling x2  
  199  12:40  Baneling  
  199  12:41  Baneling x6  
  200  12:46  Spore Crawler  
  200  12:47  Spore Crawler x2  
  200  12:48  Spore Crawler  
  196  12:54  Baneling x3  
  196  12:55  Zergling x8  
  200  12:58  Spore Crawler  
  200  12:59  Spore Crawler  
  200  13:00  Spore Crawler  
  197  13:10  Overseer  
  197  13:11  Overseer x2  
  195  13:13  Hatchery  
  195  13:14  Zerg Flyer Weapons Level 2, Zerg Flyer Armor Level 2  
  195  13:15  Hatchery  
  192  13:39  Infestor x3  
  196  13:54  Zergling x10  
  191  14:18  Infestor x6  
  191  14:23  Baneling x7  
  199  14:24  Hatchery  
  198  14:41  Extractor  
  198  14:45  Extractor  
  195  14:50  Zergling x12  
  197  15:03  Hatchery  
  194  15:07  Zergling x10  
  199  15:15  Spine Crawler  
  199  15:16  Spore Crawler, Spine Crawler  
  199  15:17  Spine Crawler  
  195  15:26  Zergling x10  
  199  15:29  Overseer x2  
  199  15:34  Neural Parasite  
  198  15:51  Spore Crawler  
  198  15:52  Spore Crawler x2  
  198  15:55  Corruptor  
  197  16:03  Drone x4  
  195  16:04  Zergling x6  
  195  16:06  Queen  
  195  16:07  Overlord  
  195  16:08  Spore Crawler  
  195  16:09  Spore Crawler x2  
  195  16:10  Spore Crawler  
  193  16:12  Zerg Flyer Armor Level 3, Zerg Flyer Weapons Level 3  
  193  16:18  Overlord  
  184  16:36  Corruptor x3  
  184  16:37  Corruptor x5  
  184  16:39  Zergling x4  
  200  16:40  Zergling x2  
  200  16:42  Zergling x4  
  200  16:53  Unknown  
  198  17:08  Drone x2  
  198  17:14  Baneling x5  
  198  17:15  Baneling x2  
  198  17:40  Zergling x10, Spore Crawler  
  198  17:41  Spore Crawler  
  192  17:55  Spore Crawler x2  
  192  17:56  Spore Crawler  
  192  17:58  Zergling x46  
  195  18:00  Overlord x2  
  195  18:02  Overlord  
  197  18:07  Spore Crawler  
  197  18:08  Spore Crawler x2  
  197  18:09  Spore Crawler, Overlord  
  197  18:10  Overlord x3  
  180  18:17  Overlord  
  180  18:19  Viper x3  
  176  18:20  Viper x2  
  176  18:24  Infestor x5  
  196  18:30  Infestor  
  196  18:32  Drone x2  
  200  18:43  Overseer  
  200  19:01  Drone x3  
  199  19:04  Extractor  
  199  19:09  Spore Crawler  
  196  19:10  Spore Crawler  
  196  19:11  Spore Crawler x2, Drone  
  196  19:12  Drone  
  189  19:18  Roach x2  
  189  19:21  Spore Crawler x2  
  191  19:33  Zergling x14  
  196  19:46  Zergling x6  
  196  20:25  Infestor x2  
  199  20:35  Spore Crawler  
  197  20:46  Overseer  
  197  20:49  Zergling x6  
  194  21:14  Zergling x10  
  198  21:26  Zergling x2  
  198  21:27  Zergling x2  
  198  21:32  Hatchery  
  199  21:44  Hatchery  
  196  21:50  Zergling x10, Spore Crawler  
  196  21:51  Spore Crawler  
  196  21:52  Spore Crawler x2  
Show
View Real Time Build Order
Export as new Build Order

Zest Protoss 

Build Orders: 1 Gate Expand, Oracle Opening, Phoenix Opening, Carriers, Mass Phoenix 

Get SALT Encoding   

  12  0:00  Probe  
  13  0:12  Probe  
  14  0:17  Pylon  
  14  0:23  Probe  
  15  0:32  Probe  
  15  0:37  Gateway  
  15  0:40  Probe  
  16  0:47  Assimilator  
  17  0:51  Probe  
  18  1:03  Probe  
  19  1:15  Probe  
  20  1:24  Cybernetics Core  
  20  1:32  Nexus  
  20  1:35  Probe  
  21  1:43  Pylon  
  21  1:47  Probe  
  21  1:50  Assimilator, Adept  
  22  2:00  Probe  
  25  2:10  Adept  
  25  2:12  Probe  
  28  2:24  Probe  
  28  2:28  Stargate  
  29  2:36  Probe  
  30  2:37  Warp Gate  
  30  2:44  Adept  
  32  2:46  Probe  
  32  2:48  Probe  
  34  2:58  Probe  
  34  3:00  Probe  
  34  3:04  Phoenix  
  36  3:10  Probe  
  36  3:12  Probe  
  40  3:20  Oracle  
  40  3:23  Probe  
  40  3:24  Probe  
  42  3:33  Pylon  
  45  3:35  Probe  
  45  3:38  Assimilator  
  45  3:40  Assimilator  
  46  3:46  Gateway  
  46  3:51  Probe x2  
  48  3:57  Stargate  
  48  4:03  Probe x2  
  48  4:06  Pylon  
  50  4:11  Pylon  
  50  4:12  Phoenix  
  50  4:15  Probe x2  
  50  4:17  Pylon  
  54  4:26  Probe  
  54  4:27  Probe  
  56  4:34  Probe, Phoenix  
  56  4:37  Pylon  
  56  4:39  Probe, Phoenix  
  56  4:42  Probe  
  62  4:52  Nexus  
  63  4:56  Phoenix  
  63  4:59  Phoenix  
  65  5:05  Pylon  
  67  5:10  Pylon  
  67  5:19  Probe x2  
  67  5:21  Phoenix  
  69  5:24  Phoenix  
  69  5:28  Robotics Facility  
  73  5:30  Robotics Facility  
  73  5:33  Shield Battery  
  73  5:35  Probe  
  73  5:38  Probe, Pylon  
  75  5:54  Probe  
  75  5:55  Probe  
  77  5:57  Sentry  
  77  6:00  Sentry  
  77  6:02  Probe  
  77  6:03  Probe  
  81  6:04  Assimilator  
  81  6:10  Probe x2  
  84  6:11  Probe  
  84  6:18  Probe, Observer x2  
  88  6:19  Probe  
  88  6:22  Assimilator  
  88  6:23  Probe  
  91  6:26  Probe  
  91  6:27  Probe  
  91  6:35  Probe  
  91  6:37  Probe, Twilight Council  
  91  6:38  Probe  
  94  6:43  Gateway  
  94  6:44  Gateway  
  94  6:45  Immortal x2  
  102  6:47  Probe  
  102  6:49  Gateway  
  101  7:16  Charge  
  101  7:18  Observer, Forge  
  101  7:21  Observer, Gateway x2  
  101  7:24  Immortal  
  101  7:25  Immortal, Gateway  
  101  7:29  Pylon  
  109  7:30  Pylon  
  109  7:31  Protoss Ground Weapons Level 1  
  109  7:37  Observer  
  109  7:50  Templar Archives  
  109  7:52  Photon Cannon  
  109  7:56  Photon Cannon  
  109  7:58  Photon Cannon  
  109  8:03  Immortal  
  109  8:04  Immortal  
  117  8:11  Zealot x5  
  127  8:14  Pylon  
  127  8:16  Pylon  
  127  8:25  Psionic Storm  
  121  8:35  Pylon  
  121  8:36  Observer  
  121  8:37  Nexus  
  121  8:38  High Templar x4  
  129  8:43  Fleet Beacon  
  129  8:46  Pylon  
  129  8:47  Probe x2  
  131  8:49  Pylon  
  131  8:53  Probe  
  132  8:59  Probe x2, Photon Cannon  
  134  9:03  Photon Cannon  
  134  9:11  Stargate  
  134  9:13  Pylon  
  134  9:15  Cybernetics Core  
  134  9:17  Assimilator  
  134  9:18  Protoss Air Weapons Level 1  
  134  9:21  Assimilator  
  134  9:22  Carrier  
  134  9:24  Mothership, Shield Battery  
  134  9:25  Shield Battery  
  134  9:26  Shield Battery x2  
  134  9:29  Carrier  
  134  9:32  Photon Cannon  
  134  9:33  Observer, Photon Cannon  
  152  10:00  Carrier  
  152  10:01  Protoss Shields Level 1  
  152  10:03  Probe x2  
  152  10:06  Probe  
  154  10:12  Observer  
  160  10:15  Probe x2  
  160  10:18  Protoss Air Armor Level 1, Probe  
  160  10:21  Blink  
  163  10:26  Carrier  
  163  10:27  Probe x2  
  165  10:28  Observer  
  171  10:44  Carrier  
  177  11:08  Carrier  
  177  11:09  Gateway  
  177  11:11  Gateway  
  177  11:12  Pylon  
  177  11:13  Gateway  
  177  11:16  Gateway  
  181  11:31  Carrier  
  187  11:34  Observer  
  187  11:35  Observer  
  185  11:47  Protoss Air Weapons Level 2  
  185  11:48  Carrier  
  185  11:50  Photon Cannon  
  185  11:52  Photon Cannon  
  185  11:53  Shield Battery x2  
  191  12:23  Carrier  
  191  12:27  Photon Cannon x2  
  191  12:29  Shield Battery  
  191  12:30  Shield Battery  
  191  12:32  Nexus  
  194  12:41  Shield Battery  
  194  12:42  Shield Battery, Carrier  
  194  12:43  Nexus, Protoss Shields Level 2, Shield Battery  
  190  12:45  Pylon  
  190  12:46  Photon Cannon x2  
  190  12:50  Pylon  
  193  13:06  Void Ray  
  193  13:11  Mothership  
  193  13:12  Protoss Air Armor Level 2  
  197  13:21  Dark Shrine  
  197  13:24  Stargate  
  197  13:25  Assimilator  
  197  13:26  Stargate  
  197  13:29  Assimilator  
  197  13:36  Observer x2  
  197  13:40  Carrier  
  179  13:50  Carrier x2  
  175  14:09  Zealot  
  165  14:24  Carrier x2  
  165  14:25  Zealot x9  
  195  14:38  High Templar x2  
  195  14:42  Probe  
  195  14:43  Archon  
  191  14:54  Zealot x2  
  191  14:58  Observer x2  
  177  15:14  Dark Templar x3  
  177  15:20  Dark Templar x2  
  187  15:26  Void Ray  
  187  15:27  Void Ray  
  191  15:35  Zealot  
  193  15:39  Dark Templar x2  
  193  15:40  Protoss Air Weapons Level 3  
  193  15:41  Protoss Air Armor Level 3  
  189  15:51  Observer  
  189  15:55  Observer  
  184  16:00  Void Ray  
  184  16:01  Void Ray  
  182  16:08  Oracle  
  182  16:10  Void Ray  
  182  16:11  Void Ray  
  196  16:23  Dark Templar x2  
  184  16:33  Zealot x5  
  184  16:34  Zealot x3  
  181  16:57  Warp Prism x2  
  179  17:06  Dark Templar x7  
  193  17:10  Archon x4  
  193  17:12  Dark Templar  
  195  17:18  Dark Templar  
  194  17:39  Dark Templar x2  
  194  17:40  Dark Templar  
  191  17:59  Zealot x4  
  195  18:22  High Templar x3  
  193  18:33  Nexus  
  193  18:34  High Templar x3  
  193  18:39  Pylon  
  199  18:45  Protoss Shields Level 3  
  195  19:06  Zealot  
  195  19:07  Zealot x3  
  197  19:29  Mothership  
  179  19:52  Nexus  
  187  19:55  Pylon  
  187  19:56  Zealot x6  
  192  20:18  Shield Battery  
  192  20:21  Shield Battery  
  192  20:22  Shield Battery x2  
  182  20:33  Dark Templar x2  
  184  20:36  Observer x2  
  184  20:38  Dark Templar  
  182  20:57  Void Ray x2  
  182  20:58  Void Ray x2  
  190  21:08  Observer  
  184  21:14  Void Ray  
  184  21:16  Archon  
  188  21:24  Zealot x6  
  200  21:35  Assimilator  
  198  21:54  Assimilator  
  184  22:12  Archon  
  161  22:31  Stalker x4  
  161  22:32  Stalker  
Tags
 
Add a new tag
Caveats
  • Supply blocks, unpowered buildings, or Contaminate may cause inaccurate times.
  • Supply counts are checked every 10 seconds.